 Dungeon Crawl Stone Soup version 0.23-a0-269-g65e0026 (webtiles) character file.

72 mhoghedin the Bolt Thrower (level 4, -2/35 HPs)
             Began as a Formicid Hunter on Sept 30, 2018.
             Slain by a black bear (4 damage)
             ... on level 2 of the Dungeon.
             The game lasted 00:01:11 (931 turns).

mhoghedin the Bolt Thrower (Formicid Hunter)         Turns: 931, Time: 00:01:12

Health: -2/35      AC:  3    Str: 18    XL:     4   Next: 48%
Magic:  4/4        EV: 12    Int: 10    God:
Gold:   59         SH:  0    Dex: 11    Spells: 3/3 levels left

rFire    . . .     SeeInvis +   a - +1 hand crossbow
rCold    . . .     Gourm    .   (no shield)
rNeg     . . .     Faith    .   c - +0 leather armour
rPois    .         Spirit   .   (helmet unavailable)
rElec    .         Reflect  .   (no cloak)
rCorr    .         Harm     .   (no gloves)
MR       .....                  (no boots)
Stlth    +.........             (no amulet)
HPRegen  0.11/turn              (no ring)
MPRegen  0.09/turn              (no ring)

@: no status effects
A: permanent stasis, dig shafts and tunnels, four strong arms, antennae 3
a: Dig, Shaft Self


You were on level 2 of the Dungeon.
You were not hungry.

You visited 1 branch of the dungeon, and saw 2 of its levels.

You collected 59 gold pieces.

Inventory:

Hand Weapons
 a - a +1 hand crossbow (weapon)
 b - a +0 short sword
Missiles
 d - 81 bolts (quivered)
Armour
 c - a +0 leather armour (worn)
 h - a +0 cloak
   (You found it on level 2 of the Dungeon)
Scrolls
 g - a scroll of identify {unknown}
Potions
 e - 3 potions of heal wounds {unknown}
Comestibles
 f - 3 rations


   Skills:
 + Level 3.2 Fighting
 + Level 4.6 Crossbows
 + Level 2.6 Dodging
 - Level 1.2 Stealth


You had 3 spell levels left.
You didn't know any spells.
Your spell library was empty.

Dungeon Overview and Level Annotations

Branches:
Dungeon (2/15)

Altars:


Innate Abilities, Weirdness & Mutations

You cannot be hasted, slowed, berserked, paralysed or teleported.
You can dig through walls and to a lower floor.
Your four strong arms can wield two-handed weapons with a shield.
You have a pair of large antennae on your head. (SInv)


Message History

You kill the rat!
h - a cloak An adder and a rat come into view.
The adder hisses angrily.
A bat comes into view.
There are monsters nearby!
Firing (i - inventory)
d - 88 bolts (quivered)
Aim: a rat You shoot a bolt.
The bolt hits the adder.
The rat twitches its whiskers.
Firing (i - inventory)
d - 87 bolts (quivered)
Aim: an adder (heavily wounded)
You shoot a bolt. The bolt closely misses the adder.
The bat hits you.
You take 1 damage, and have 34/35 hp.
Firing (i - inventory)
d - 86 bolts (quivered)
Aim: an adder (heavily wounded)
You shoot a bolt. The bolt hits the bat!
You kill the bat!
Firing (i - inventory)
d - 85 bolts (quivered)
Aim: an adder (heavily wounded)
You shoot a bolt. The bolt hits the adder!
You kill the adder!
Firing (i - inventory)
d - 84 bolts (quivered)
Aim: a rat You shoot a bolt.
The bolt hits the rat!
You kill the rat!
No target in view!
No target in view!
d - 85 bolts (gained 2)
Things that are here:
an adder corpse; a bat corpse
d - 86 bolts (gained 1)
You see here a rat corpse.
A rat comes into view.
Health restored: 35 A rat is nearby!
A rat is nearby!
Firing (i - inventory)
d - 86 bolts (quivered)
Aim: a rat (resting)
You shoot a bolt. The bolt hits the rat!
You kill the rat!
No target in view!
No target in view!
d - 86 bolts (gained 1)
You see here a rat corpse.
You now have 48 gold pieces (gained 6).
You now have 59 gold pieces (gained 11).
d - 87 bolts (gained 1)
d - 88 bolts (gained 1)
You sense a monster nearby.
A black bear comes into view.
A black bear is nearby!
Firing (i - inventory)
d - 88 bolts (quivered)
Aim: a black bear (resting)
You shoot a bolt. The bolt hits the black bear.
The black bear growls angrily.
Firing (i - inventory)
d - 87 bolts (quivered)
Aim: a black bear (lightly wounded)
You shoot a bolt. The bolt hits the black bear!
Firing (i - inventory)
d - 86 bolts (quivered)
Aim: a black bear (heavily wounded)
You shoot a bolt. The bolt barely misses the black bear.
The black bear barely misses you. The black bear claws you.
The black bear claws you but does no damage.
You take 2 damage, and have 33/35 hp.
Firing (i - inventory)
d - 85 bolts (quivered)
Aim: a black bear (heavily wounded)
You shoot a bolt. The bolt hits the black bear.
The black bear goes berserk!
Firing (i - inventory)
d - 84 bolts (quivered)
Aim: a black bear (severely wounded, berserk, fast, unusually strong)
You shoot a bolt. The bolt hits the black bear.
The black bear barely misses you. The black bear claws you.
The black bear closely misses you.
The black bear bites you but does no damage.
The black bear closely misses you. The black bear claws you.
You take 9 damage, and have 24/35 hp.
MASSIVE DAMAGE!!
Firing (i - inventory)
d - 83 bolts (quivered)
Aim: a black bear (severely wounded, berserk, fast, unusually strong)
You shoot a bolt.
The bolt hits the black bear but does no damage.
The black bear bites you!
The black bear claws you but does no damage.
The black bear closely misses you.
The black bear bites you but does no damage.
The black bear barely misses you. x2
You take 8 damage, and have 16/35 hp.
MASSIVE DAMAGE!!
Firing (i - inventory)
d - 82 bolts (quivered)
Aim: a black bear (severely wounded, berserk, fast, unusually strong)
You shoot a bolt. The bolt hits the black bear.
The black bear closely misses you. x2
The black bear claws you but does no damage.
The black bear bites you!
* * * LOW HITPOINT WARNING * * *
The black bear claws you.
* * * LOW HITPOINT WARNING * * *
The black bear claws you.
You die...

.. #.#
..##.#########
..##.#.......# ##
..##.#.......# ..
.[...........# .#
.............# .#
.............# .#
.............####h#
.†..............@.#
....††##.##########
......##.#
......##.#
..######. ..#
###### ..# #....#
#....... #.##.#
######## #.##.#


You could see a black bear (berserk).

Vanquished Creatures
  An adder (D:2)
  2 gnolls (D:1)
  An ooze (D:1)
  2 dart slugs (D:1)
  A leopard gecko (D:1)
  A giant cockroach (D:1)
  8 hobgoblins (D:1)
  3 jackals (D:1)
  4 bats
  2 frilled lizards (D:1)
  3 goblins (D:1)
  A kobold (D:1)
  6 rats
35 creatures vanquished.

Notes
Turn   | Place    | Note
-------+----------+-------------------------------------------
     0 | D:1      | mhoghedin the Formicid Hunter began the quest for the Orb.
     0 | D:1      | Reached XP level 1. HP: 16/16 MP: 1/1
   105 | D:1      | Reached skill level 2 in Dodging
   106 | D:1      | Reached XP level 2. HP: 23/23 MP: 2/2
   278 | D:1      | Reached XP level 3. HP: 28/28 MP: 3/3
   732 | D:1      | Reached skill level 3 in Fighting
   732 | D:1      | Reached XP level 4. HP: 23/35 MP: 4/4
   924 | D:2      | Noticed a black bear
   931 | D:2      | HP: 6/35 [black bear (11)]
   931 | D:2      | HP: 2/35 [black bear (4)]
   931 | D:2      | Slain by a black bear

Vault maps used:
D:1:      scummos_arrival_hexagon, nrook_uturn

Skill      XL: |  1  2  3 |
---------------+----------+-----
Dodging        | 2 |  2.6
Fighting       | 3 |  3.2
Crossbows      | |  4.6
Stealth        | |  1.2

Action                   |  1- 3 |  4- 6 || total
-------------------------+-------+-------++-------
 Fire: Hand crossbow     |    61 |    16 ||    77
  Use: Scroll            |     1 |       ||     1
Armor: Leather armour    |     7 |     5 ||    12
Dodge: Dodged            |    17 |    10 ||    27

Table legend:
 A = Non-vault XP
 B = Vault XP
 C = Vault XP percentage of total XP
 D = Non-vault monster count
 E = Vault monster count
 F = Vault count percentage of total count
                 A         B        C        D         E       F
            +---------+---------+-------+---------+---------+-------
      Total |     103 |       0 |   0.0 |      35 |       0 |   0.0
            +---------+---------+-------+---------+---------+-------
        D:1 |      84 |       0 |   0.0 |      30 |       0 |   0.0
        D:2 |      19 |       0 |   0.0 |       5 |       0 |   0.0
            +---------+---------+-------+---------+---------+-------

Vault maps used:
D:1:      scummos_arrival_hexagon, nrook_uturn

Table legend:
 A = Turns spent in this place as a percentage of turns spent in the entire game.
 B = Non-inter-level travel turns spent in this place as a percentage of non-inter-level travel turns spent in the entire game.
 C = Inter-level travel turns spent in this place as a percentage of turns spent in this place.
 D = Turns resting spent in this place as a percentage of non-inter-level travel turns spent in this place.
 E = Turns spent auto-exploring this place as a percentage of non-inter-level travel turns spent in this place.
 F = Non-inter-level travel turns spent in this place divided by the number of levels of this place that you've seen.
                   A       B       C       D       E      F
               +-------+-------+-------+-------+-------+----------------------
         Total | 100.0 | 100.0 |   4.1 |  10.0 |  74.0 | 446.5
       Dungeon | 100.0 | 100.0 |   4.1 |  10.0 |  74.0 | 446.5
               +-------+-------+-------+-------+-------+----------------------

Table legend:
 A = Kills in this place as a percentage of kills in entire the game.
 B = Kills by you in this place as a percentage of kills by you in the entire game.
 C = Kills by friends in this place as a percentage of kills by friends in the entire game.
 D = Other kills in this place as a percentage of other kills in the entire game.
 E = Experience gained in this place as a percentage of experience gained in the entire game.
 F = Experience gained in this place divided by the number of levels of this place that you have seen.
                   A       B       C       D       E      F
               +-------+-------+-------+-------+-------+----------------------
         Total | 100.0 | 100.0 |   N/A |   N/A | 100.0 |  51.5
       Dungeon | 100.0 | 100.0 |   N/A |   N/A | 100.0 |  51.5
               +-------+-------+-------+-------+-------+----------------------
